Map: 10000 Feet LE

Players

Mythshaker

  • Race: Protoss Protoss
  • Spawn Location: 11:00

Andrio - Winner!

  • Race: Terran Terran
  • League: Silver
  • Spawn Location: 5:00

VOD

Have the link to the VOD?

Description

Time

  • Played on: Dec. 1, 2025, 6:11 p.m.
  • Length: 27:01
Show
View Real Time Build Order
Export as new Build Order

Mythshaker Protoss 

Build Orders:  

Get SALT Encoding   

  12  0:15  Assimilator  
  12  0:17  Pylon  
  12  0:38  Gateway  
  12  0:40  Probe  
  12  0:48  Probe  
  14  0:58  Probe  
  15  1:05  Gateway  
  15  1:07  Probe  
  16  1:19  Probe  
  16  1:20  Assimilator  
  17  1:31  Probe  
  18  1:40  Cybernetics Core  
  18  2:13  Pylon  
  18  2:14  Probe  
  19  2:18  Stalker  
  21  2:27  Shield Battery  
  21  2:38  Stargate  
  21  3:10  Zealot  
  21  3:15  Forge  
  21  3:19  Void Ray  
  13  4:14  Void Ray  
  11  4:35  Probe  
  11  4:43  Probe  
  13  4:52  Probe  
  14  5:05  Probe  
  15  5:17  Probe  
  16  5:29  Probe  
  17  5:48  Probe  
  17  5:56  Probe  
  19  6:06  Probe  
  21  6:18  Probe  
  21  6:30  Probe  
  21  6:32  Void Ray  
  26  6:50  Probe  
  26  6:58  Probe  
  27  7:05  Protoss Shields Level 1  
  28  7:08  Probe  
  28  7:15  Shield Battery  
  29  7:31  Pylon, Probe  
  30  7:39  Probe  
  31  7:49  Probe  
  32  7:58  Sentry  
  32  8:01  Probe  
  32  8:04  Sentry  
  37  8:13  Probe  
  37  8:48  Pylon  
  37  8:51  Pylon  
  37  9:02  Pylon  
  37  9:04  Pylon  
  37  9:07  Oracle  
  40  9:19  Robotics Facility  
  40  9:35  Shield Battery  
  40  9:41  Protoss Air Weapons Level 1  
  40  9:50  Twilight Council  
  37  10:32  Oracle  
  40  11:01  Immortal  
  44  11:05  Robotics Bay  
  48  11:11  Void Ray  
  29  12:21  Void Ray  
  29  12:28  Nexus  
  33  12:55  Void Ray  
  33  13:00  Pylon  
  33  13:02  Pylon  
  33  13:05  Protoss Shields Level 2, Pylon  
  37  13:07  Assimilator  
  37  13:09  Assimilator  
  37  13:28  Photon Cannon  
  37  13:29  Shield Battery  
  41  13:37  Void Ray  
  41  13:57  Observer  
  46  14:20  Void Ray  
  25  15:19  Oracle  
  28  15:23  Probe  
  28  15:27  Protoss Shields Level 3  
  29  15:31  Probe  
  30  15:38  Protoss Air Armor Level 1  
  30  15:40  Probe  
  31  15:53  Probe  
  32  16:05  Probe  
  33  16:25  Void Ray  
  37  16:31  Extended Thermal Lance  
  37  16:36  Probe  
  38  16:44  Probe  
  38  16:53  Probe  
  40  17:01  Void Ray  
  40  17:05  Probe  
  45  17:09  Fleet Beacon  
  45  17:13  Probe  
  45  17:21  Probe  
  47  17:32  Probe  
  48  17:37  Probe  
  49  17:44  Nexus, Probe  
  49  17:45  Probe  
  51  18:05  Nexus  
  51  18:08  Assimilator  
  51  18:11  Assimilator  
  51  18:17  Assimilator  
  51  18:19  Probe  
  52  18:26  Probe  
  53  18:31  Probe  
  54  18:38  Probe  
  54  18:41  Void Ray  
  59  18:45  Probe  
  60  18:53  Probe  
  60  19:02  Probe  
  61  19:05  Gravitic Boosters  
  62  19:14  Sentry x2, Flux Vanes, Probe  
  67  19:25  Protoss Air Weapons Level 2  
  67  19:45  Probe  
  68  19:53  Probe  
  69  20:03  Probe  
  70  20:15  Probe  
  71  20:27  Probe  
  72  20:39  Probe  
  73  20:51  Probe  
  74  21:03  Probe  
  75  21:08  Colossus  
  75  21:09  Protoss Ground Armor Level 1  
  85  21:14  Void Ray  
  85  21:28  Pylon  
  85  21:30  Pylon  
  85  21:33  Pylon  
  85  21:36  Pylon  
  85  21:39  Pylon  
  85  21:43  Pylon  
  85  21:46  Assimilator  
  85  21:50  Probe  
  86  21:58  Probe  
  86  22:07  Probe  
  88  22:19  Probe  
  89  22:31  Probe  
  90  22:56  Observer  
  67  23:25  Colossus  
  57  23:45  Dark Shrine  
  46  23:48  Gateway  
  46  23:51  Gateway  
  41  24:04  Pylon  
  41  24:07  Pylon  
  41  24:18  Colossus  
  41  24:19  Phoenix  
  48  24:35  Anion Pulse-Crystals  
  9  25:41  Dark Templar  
  13  25:51  Dark Templar  
Show
View Real Time Build Order
Export as new Build Order

Andrio Terran - Winner!

Build Orders:  

Get SALT Encoding   

  12  0:45  SCV  
  13  0:50  Command Center  
  13  1:00  Supply Depot  
  13  1:04  Refinery, SCV  
  14  1:26  Engineering Bay  
  14  1:36  Supply Depot  
  14  1:38  SCV  
  15  2:08  Barracks  
  15  2:14  Refinery  
  15  3:07  Planetary Fortress  
  15  3:13  Barracks Tech Lab  
  15  3:21  Bunker  
  15  3:30  SCV  
  15  3:42  SCV  
  16  3:55  SCV  
  13  4:03  Factory  
  13  4:07  SCV  
  14  4:20  Marine  
  14  4:30  Engineering Bay  
  14  4:55  SCV  
  14  4:57  Barracks Reactor  
  15  5:12  Missile Turret  
  15  5:16  Cyclone  
  18  5:34  Missile Turret  
  18  5:59  Cyclone  
  18  6:03  Marine x2  
  23  6:15  Orbital Command  
  23  7:02  Command Center  
  23  7:09  Cyclone  
  26  7:16  SCV  
  27  7:41  SCV  
  28  7:52  Cyclone  
  31  7:59  Armory  
  31  8:13  Marine x2  
  31  8:15  Supply Depot  
  33  8:50  Thor  
  39  8:55  Terran Vehicle And Ship Armor Level 1  
  39  9:02  Terran Infantry Weapons Level 1  
  39  9:04  SCV x2  
  41  9:48  Command Center  
  41  9:50  SCV x2  
  35  10:51  Thor  
  35  10:55  Terran Vehicle Weapons Level 1  
  35  10:57  Barracks Reactor  
  41  11:06  Orbital Command  
  27  12:14  Thor  
  33  12:21  Marine x2  
  35  12:36  Factory  
  35  12:38  Orbital Command  
  35  12:39  Factory  
  35  13:05  Missile Turret  
  35  13:10  Missile Turret  
  35  13:25  Terran Vehicle And Ship Armor Level 2  
  35  13:39  Refinery  
  35  13:40  SCV  
  35  13:41  SCV  
  37  13:45  Refinery  
  37  13:52  Factory Tech Lab x2  
  37  13:53  SCV x2  
  39  14:08  Bunker  
  39  14:11  SCV x2  
  41  14:20  Command Center  
  41  14:23  SCV  
  42  14:39  Bunker  
  42  14:40  Thor  
  42  15:11  Missile Turret  
  42  15:23  SCV x2  
  44  15:35  SCV x2  
  46  15:47  SCV  
  47  15:56  SCV  
  49  16:00  SCV  
  49  16:02  Orbital Command  
  49  16:08  Missile Turret, SCV  
  50  16:12  SCV  
  51  16:27  Missile Turret  
  51  16:29  Command Center  
  51  16:41  Widow Mine x3  
  57  16:52  Missile Turret  
  57  16:53  Hi-Sec Auto Tracking  
  57  17:02  Widow Mine x2  
  61  17:11  Missile Turret  
  61  17:33  Barracks Reactor  
  61  17:40  Thor x2  
  73  17:48  Supply Depot  
  73  17:49  Supply Depot  
  73  17:54  Terran Vehicle Weapons Level 2  
  73  18:09  Thor  
  79  18:23  Thor  
  85  18:42  Armory  
  85  18:51  Starport  
  85  18:52  Starport x2  
  85  19:08  Thor  
  91  19:19  Supply Depot  
  91  19:20  Supply Depot  
  91  19:22  Supply Depot  
  91  19:40  SCV, Thor  
  91  19:41  Thor  
  104  19:50  Thor  
  104  19:51  Terran Vehicle And Ship Armor Level 3  
  104  19:52  SCV  
  111  19:55  Command Center, Supply Depot  
  111  19:59  Starport Reactor  
  111  20:00  Starport Reactor x2  
  111  20:04  SCV  
  112  20:16  Missile Turret, SCV  
  112  20:18  Missile Turret, Supply Depot  
  112  20:19  Missile Turret  
  113  20:25  Missile Turret  
  113  20:28  SCV  
  113  20:31  Command Center, Thor  
  120  20:37  Missile Turret  
  120  20:41  Refinery  
  120  20:42  Supply Depot  
  120  20:43  Refinery  
  120  20:44  Widow Mine x2  
  122  21:05  Widow Mine  
  124  21:27  Missile Turret  
  124  21:29  Missile Turret  
  124  21:32  Widow Mine x3  
  130  21:41  SCV x2  
  130  21:42  SCV  
  133  21:47  Missile Turret  
  133  21:50  Orbital Command  
  133  21:52  Missile Turret  
  133  22:06  Missile Turret  
  133  22:12  Terran Vehicle Weapons Level 3  
  133  22:13  Missile Turret  
  133  22:16  Orbital Command, Viking  
  135  23:06  Viking x3  
  135  23:07  Viking x3  
  147  23:43  Thor  
  153  24:33  Viking  
  155  24:47  Orbital Command  
  155  24:49  Terran Ship Weapons Level 1  
  155  25:03  Supply Depot  
  155  25:04  Command Center  
  155  25:06  Supply Depot x2  
  155  25:09  Supply Depot  
  155  25:16  Viking  
  155  25:20  Viking x2  
  155  25:25  Viking, Thor  
  155  25:27  Viking, Thor  
  171  25:56  Viking  
  171  25:57  Viking x4  
  181  26:18  Planetary Fortress  
  181  26:23  Refinery  
Tags
 
League
Silver
Matchup
PvT
Spawn Locations
Cross Positions
Add a new tag
Caveats
  • Supply blocks, unpowered buildings, or Contaminate may cause inaccurate times.
  • Supply counts are checked every 10 seconds.